[ AOE2 MATCH · #507296404 ]
UnrankedFranks vs Portuguese
Player's team · LOSS
[ REPLAY ANALYSIS · EXTRACTED FROM THE RECORDED GAME ]
Feudal
10:35
Castle
17:37
Imperial
37:08
| APM avg | 70.2 |
| APM peak | 121 |
| eAPM avg | 40.8 |
| Villagers / military | 185 / 581 |
Focus
⚔️ 30.4% · 🌾 69.6%
Throwing Axeman ×240 · Hand Cannoneer ×104 · Knight ×96 · Skirmisher ×68 · Scout Cavalry ×47 · Bombard Cannon ×13
Feudal
8:56
Castle
23:44
Imperial
38:26
| APM avg | 54.8 |
| APM peak | 120 |
| eAPM avg | 23.0 |
| Villagers / military | 167 / 390 |
Focus
⚔️ 42.8% · 🌾 57.2%
Hand Cannoneer ×165 · Spearman ×127 · Archer ×33 · Scout Cavalry ×20 · Cavalry Archer ×20 · Bombard Cannon ×13
Match map
Initial resources + every placement click. Lines = walls · curves = elevation contours. ◆ gold · ⬟ stone · ● berries · ✦ relic · ◌ wall gap
Your base· ✓ Closed at 17:37 · 25t walls · 4 gate(s)
Panelo's base· ✓ Closed at 23:44 · 2t walls · 2 gate(s)
Smoothed initial terrain · ◌ = detected wall gap · hover for details
Inputs per minute
— WryPig - - Panelo
Build order — WryPig
First 150 of 686 actions detected
| 0:00 | Queue | Villager (Male) |
| 0:01 | Queue | Villager (Male) |
| 0:01 | Queue | Villager (Male) |
| 0:03 | Build | House |
| 0:04 | Build | House |
| 0:06 | Queue | Villager (Male) |
| 1:34 | Queue | Villager (Male) |
| 1:41 | Queue | Villager (Male) |
| 1:41 | Queue | Villager (Male) |
| 1:47 | Build | Lumber Camp |
| 2:30 | Queue | Villager (Male) |
| 2:31 | Queue | Villager (Male) |
| 2:31 | Queue | Villager (Male) |
| 3:17 | Queue | Villager (Male) |
| 3:18 | Queue | Villager (Male) |
| 3:24 | Build | House |
| 3:25 | Build | House |
| 3:36 | Queue | Villager (Male) |
| 3:36 | Queue | Villager (Male) |
| 4:11 | Queue | Villager (Male) |
| 4:27 | Queue | Villager (Male) |
| 4:27 | Queue | Villager (Male) |
| 4:37 | Build | Mill |
| 4:43 | Queue | Villager (Male) |
| 5:04 | Queue | Villager (Male) |
| 5:15 | Queue | Villager (Male) |
| 5:15 | Queue | Villager (Male) |
| 6:45 | Queue | Villager (Male) |
| 6:48 | Queue | Villager (Male) |
| 6:49 | Queue | Villager (Male) |
| 7:03 | Queue | Villager (Male) |
| 7:18 | Build | Mining Camp |
| 8:13 | Research | Feudal Age |
| 8:37 | Queue | Villager (Male) |
| 8:38 | Queue | Villager (Male) |
| 8:42 | Build | House |
| 9:17 | Build | Palisade Wall |
| 9:32 | Research | Loom |
| 9:32 | Queue | Villager (Male) |
| 9:36 | Build | Palisade Gate |
| 10:34 | Queue | Villager (Male) |
| 10:35 | Age | Feudal Age |
| 10:41 | Build | Market |
| 10:43 | Queue | Villager (Male) |
| 10:57 | Build | Blacksmith |
| 11:11 | Build | Watch Tower |
| 11:20 | Build | Watch Tower |
| 11:23 | Queue | Villager (Male) |
| 11:37 | Build | House |
| 11:43 | Build | House |
| 11:51 | Build | Palisade Wall |
| 11:54 | Build | Mining Camp |
| 12:05 | Build | House |
| 12:10 | Build | Palisade Wall |
| 12:17 | Queue | Villager (Male) |
| 12:22 | Build | Farm |
| 12:24 | Build | Farm |
| 12:30 | Build | Farm |
| 12:32 | Build | Farm |
| 12:39 | Research | Loom |
| 12:58 | Build | Farm |
| 13:26 | Research | Fletching |
| 13:26 | Queue | Villager (Male) |
| 13:41 | Build | Watch Tower |
| 13:44 | Queue | Villager (Male) |
| 13:54 | Build | Farm |
| 14:09 | Build | House |
| 14:11 | Build | Palisade Wall |
| 14:24 | Queue | Villager (Male) |
| 14:57 | Research | Castle Age |
| 14:57 | Research | Castle Age |
| 15:24 | Build | Lumber Camp |
| 15:35 | Build | Farm |
| 15:37 | Build | Farm |
| 17:02 | Build | Watch Tower |
| 17:05 | Queue | Villager (Male) |
| 17:19 | Queue | Villager (Male) |
| 17:19 | Queue | Villager (Male) |
| 17:23 | Research | Double-Bit Axe |
| 17:37 | Age | Castle Age |
| 17:48 | Research | Bodkin Arrow |
| 17:48 | Research | Bodkin Arrow |
| 18:32 | Queue | Villager (Male) |
| 18:33 | Queue | Villager (Male) |
| 18:50 | Queue | Villager (Male) |
| 19:04 | Queue | Villager (Male) |
| 19:08 | Build | Siege Workshop |
| 19:38 | Queue | Villager (Male) |
| 19:59 | Build | Farm |
| 20:02 | Build | Farm |
| 20:03 | Queue | Mangonel |
| 20:39 | Queue | Villager (Male) |
| 20:48 | Build | Palisade Wall |
| 20:52 | Build | Stone Wall |
| 21:06 | Build | Palisade Wall |
| 21:11 | Queue | Villager (Male) |
| 21:15 | Queue | Villager (Male) |
| 21:26 | Queue | Mangonel |
| 21:34 | Build | Town Center |
| 21:55 | Queue | Villager (Male) |
| 22:47 | Queue | Villager (Male) |
| 22:47 | Queue | Villager (Male) |
| 23:07 | Queue | Villager (Male) |
| 23:07 | Queue | Villager (Male) |
| 23:08 | Queue | Villager (Male) |
| 23:24 | Queue | Villager (Male) |
| 23:35 | Queue | Villager (Male) |
| 23:37 | Build | Farm |
| 23:38 | Queue | Villager (Male) |
| 23:39 | Queue | Villager (Male) |
| 23:59 | Build | Castle |
| 24:09 | Queue | Villager (Male) |
| 24:10 | Queue | Villager (Male) |
| 24:37 | Queue | Villager (Male) |
| 24:48 | Build | House |
| 24:49 | Build | House |
| 24:50 | Build | House |
| 24:51 | Queue | Villager (Male) |
| 25:20 | Build | Mining Camp |
| 25:20 | Queue | Villager (Male) |
| 25:20 | Queue | Villager (Male) |
| 25:23 | Build | Farm |
| 25:23 | Build | Farm |
| 25:23 | Build | Farm |
| 25:23 | Build | Farm |
| 25:53 | Queue | Villager (Male) |
| 25:53 | Queue | Villager (Male) |
| 26:13 | Queue | Villager (Male) |
| 26:13 | Queue | Villager (Male) |
| 26:21 | Build | Farm |
| 26:22 | Build | Farm |
| 26:38 | Queue | Villager (Male) |
| 26:38 | Queue | Villager (Male) |
| 26:52 | Queue | Villager (Male) |
| 26:53 | Queue | Villager (Male) |
| 26:57 | Build | Farm |
| 26:57 | Build | Farm |
| 26:57 | Build | Farm |
| 26:57 | Build | Farm |
| 26:58 | Build | Farm |
| 26:58 | Build | Farm |
| 27:11 | Queue | Villager (Male) |
| 27:11 | Queue | Villager (Male) |
| 27:17 | Build | Castle |
| 27:46 | Queue | Mangonel |
| 27:54 | Build | Farm |
| 27:55 | Build | Farm |
| 27:55 | Build | Farm |
| 27:55 | Queue | Villager (Male) |
| 27:55 | Queue | Villager (Male) |
Build order — Panelo
First 150 of 594 actions detected
| 0:01 | Queue | Villager (Male) |
| 0:01 | Queue | Villager (Male) |
| 0:02 | Queue | Villager (Male) |
| 0:02 | Queue | Villager (Male) |
| 0:03 | Build | House |
| 0:06 | Build | House |
| 0:08 | Build | House |
| 1:15 | Queue | Villager (Male) |
| 1:48 | Build | Lumber Camp |
| 1:54 | Queue | Villager (Male) |
| 2:31 | Queue | Villager (Male) |
| 2:31 | Queue | Villager (Male) |
| 2:47 | Queue | Villager (Male) |
| 2:47 | Queue | Villager (Male) |
| 3:11 | Queue | Villager (Male) |
| 3:12 | Queue | Villager (Male) |
| 3:42 | Queue | Villager (Male) |
| 3:56 | Build | House |
| 3:58 | Build | House |
| 4:28 | Queue | Villager (Male) |
| 4:56 | Build | Mining Camp |
| 5:11 | Queue | Villager (Male) |
| 5:11 | Queue | Villager (Male) |
| 5:11 | Queue | Villager (Male) |
| 5:27 | Research | Loom |
| 6:43 | Research | Feudal Age |
| 6:57 | Build | Barracks |
| 7:59 | Build | Palisade Wall |
| 8:10 | Build | Mining Camp |
| 8:37 | Queue | Villager (Male) |
| 8:56 | Age | Feudal Age |
| 9:02 | Research | Double-Bit Axe |
| 9:08 | Build | Watch Tower |
| 9:18 | Queue | Villager (Male) |
| 10:06 | Queue | Villager (Male) |
| 10:15 | Build | Archery Range |
| 10:25 | Queue | Villager (Male) |
| 10:56 | Queue | Villager (Male) |
| 11:00 | Build | Mill |
| 11:03 | Build | House |
| 11:15 | Queue | Archer |
| 11:24 | Queue | Villager (Male) |
| 11:58 | Queue | Archer |
| 12:03 | Queue | Villager (Male) |
| 12:05 | Build | House |
| 12:20 | Queue | Villager (Male) |
| 12:34 | Build | Blacksmith |
| 12:48 | Queue | Villager (Male) |
| 13:00 | Queue | Archer |
| 13:14 | Build | Watch Tower |
| 13:31 | Research | Fletching |
| 13:32 | Queue | Archer |
| 13:48 | Queue | Villager (Male) |
| 13:52 | Build | House |
| 13:56 | Build | Farm |
| 14:08 | Queue | Archer |
| 14:18 | Queue | Villager (Male) |
| 14:18 | Queue | Villager (Male) |
| 14:20 | Build | Farm |
| 14:46 | Build | Watch Tower |
| 14:55 | Queue | Villager (Male) |
| 14:55 | Queue | Villager (Male) |
| 15:13 | Build | Farm |
| 15:14 | Build | Farm |
| 15:16 | Build | Farm |
| 15:17 | Build | Farm |
| 15:24 | Queue | Villager (Male) |
| 15:29 | Queue | Archer |
| 15:30 | Queue | Archer |
| 15:44 | Build | House |
| 15:51 | Build | Farm |
| 16:14 | Queue | Villager (Male) |
| 16:17 | Build | Farm |
| 16:19 | Build | House |
| 16:31 | Build | Watch Tower |
| 16:38 | Queue | Archer |
| 16:44 | Queue | Archer |
| 16:47 | Queue | Villager (Male) |
| 16:47 | Queue | Villager (Male) |
| 16:50 | Research | Town Watch |
| 16:58 | Queue | Villager (Male) |
| 17:16 | Queue | Archer |
| 17:22 | Queue | Villager (Male) |
| 17:24 | Build | Farm |
| 17:27 | Build | House |
| 18:04 | Queue | Villager (Male) |
| 18:12 | Build | Market |
| 18:19 | Queue | Archer |
| 18:56 | Queue | Villager (Male) |
| 18:57 | Queue | Villager (Male) |
| 19:46 | Queue | Villager (Male) |
| 20:10 | Build | Watch Tower |
| 20:18 | Queue | Villager (Male) |
| 20:26 | Queue | Archer |
| 20:27 | Queue | Archer |
| 21:04 | Research | Castle Age |
| 21:18 | Queue | Archer |
| 21:19 | Queue | Archer |
| 21:23 | Research | Gold Mining |
| 21:28 | Build | House |
| 22:03 | Build | Watch Tower |
| 22:15 | Queue | Archer |
| 22:18 | Research | Wheelbarrow |
| 23:05 | Build | Watch Tower |
| 23:16 | Queue | Villager (Male) |
| 23:18 | Build | Farm |
| 23:19 | Build | Farm |
| 23:44 | Age | Castle Age |
| 23:47 | Research | Bodkin Arrow |
| 23:51 | Queue | Villager (Male) |
| 23:53 | Build | Monastery |
| 24:22 | Queue | Monk |
| 24:30 | Build | Siege Workshop |
| 24:31 | Research | Horse Collar |
| 24:45 | Build | Farm |
| 24:50 | Build | Farm |
| 25:01 | Queue | Mangonel |
| 25:01 | Queue | Mangonel |
| 25:29 | Research | Redemption |
| 25:30 | Queue | Villager (Male) |
| 25:30 | Queue | Villager (Male) |
| 25:51 | Queue | Villager (Male) |
| 25:51 | Queue | Villager (Male) |
| 25:52 | Build | Farm |
| 25:53 | Build | Farm |
| 26:14 | Queue | Villager (Male) |
| 26:18 | Queue | Mangonel |
| 26:36 | Build | Outpost |
| 26:51 | Queue | Monk |
| 27:02 | Queue | Monk |
| 27:12 | Queue | Villager (Male) |
| 27:15 | Build | House |
| 27:15 | Build | House |
| 27:54 | Queue | Villager (Male) |
| 27:54 | Queue | Villager (Male) |
| 27:57 | Build | Town Center |
| 28:02 | Build | Town Center |
| 28:19 | Queue | Villager (Male) |
| 28:19 | Queue | Villager (Male) |
| 28:21 | Build | Monastery |
| 28:31 | Queue | Villager (Male) |
| 28:41 | Build | Lumber Camp |
| 28:50 | Research | Crossbowman (upgrade) |
| 28:59 | Queue | Villager (Male) |
| 28:59 | Queue | Villager (Male) |
| 29:01 | Build | Lumber Camp |
| 29:14 | Queue | Villager (Male) |
| 29:14 | Queue | Villager (Male) |
| 29:23 | Build | Farm |
| 29:27 | Queue | Villager (Male) |
Match timeline
| 6:57 | Panelo · first_building Barracks |
| 7:59 | Panelo · wall_segment Palisade Wall x2 |
| 8:56 | Panelo · age_up feudal |
| 9:17 | WryPig · wall_segment Palisade Wall x12 |
| 10:15 | Panelo · first_building Archery Range |
| 10:35 | WryPig · age_up feudal |
| 11:51 | WryPig · wall_segment Palisade Wall x5 |
| 12:10 | WryPig · wall_segment Palisade Wall x4 |
| 14:11 | WryPig · wall_segment Palisade Wall x4 |
| 17:37 | WryPig · age_up castle |
| 19:08 | WryPig · first_building Siege Workshop |
| 19:26 | Panelo · first_market_sell 100 food |
| 19:48 | Panelo · first_market_buy 100 food |
| 20:48 | WryPig · wall_segment Palisade Wall x1 |
| 20:52 | WryPig · wall_segment Stone Wall x1 |
| 21:06 | WryPig · wall_segment Palisade Wall x1 |
| 23:44 | Panelo · age_up castle |
| 23:53 | Panelo · first_building Monastery |
| 23:59 | WryPig · first_building Castle |
| 24:30 | Panelo · first_building Siege Workshop |
| 24:40 | WryPig · first_market_sell 100 wood |
| 27:14 | WryPig · first_market_buy 100 stone |
| 29:16 | WryPig · wall_segment Stone Wall x1 |
| 33:01 | WryPig · first_building Barracks |
| 33:50 | WryPig · first_building Stable |
| 37:08 | WryPig · age_up imperial |
| 38:26 | Panelo · age_up imperial |
| 42:19 | Panelo · first_building Castle |
| 50:16 | WryPig · first_building Archery Range |
| 55:09 | Panelo · first_building Stable |
| 59:11 | WryPig · resign |
[ AI ANALYSIS · 1 CREDIT ]
What really happened in this match?
Wolo.gg analyzes every decision: build order, eco, micro, common mistakes by bracket. Personalized analysis on WhatsApp or Discord in 30 seconds.
Civ guide
Franks
Perfil
Jugador #4039792